 Dungeon Crawl Stone Soup version 0.31-a0-154-g56bf346678 (webtiles) character file.

Game seed: 5026862976026889456

5199 Moral the Covert (level 10, -3/117 HPs)
             Began as a Naga Air Elementalist on June 12, 2023.
             Succumbed to lunkers's ghost's poison
             ... on level 8 of the Dungeon.
             The game lasted 01:02:03 (14364 turns).

Moral the Covert (Naga Air Elementalist)           Turns: 14364, Time: 01:02:04

Health: -3/117     AC: 25    Str:  8 (11) XL:     10   Next: 60%
Magic:  2/23       EV:  1    Int: 18 (20) God:
Gold:   272        SH:  0    Dex: 10 (11) Spells: 22/27 levels left

rFire   + . .        (no weapon)
rCold   x . .        (no shield)
rNeg    . . .        p - melded +2 robe {rC+}
rPois   +            (helmet currently unavailable)
rElec   .            h - melded scarf {shadows}
rCorr   .            w - melded +1 Delatra's gloves {ID++}
SInv    +            (no barding)
Will    ++...        (no amulet)
Stlth   ++++         e - ring of fire
HPRegen 0.39/turn    (no ring)
MPRegen 0.18/turn

%: no passive effects
@: mighty, lethally poisoned (-3 -> -23), tree-form, enlightened
A: stationary, stasis, torment immunity, boosted hp, AC +3, large, see
invisible, (deformed body), (poison resistance), (slowness 2), spit poison 2,
(naga tail 1), subdued magic 1
a: Breathe Poison Gas


You were on level 8 of the Dungeon.
You were a tree.
You visited 2 branches of the dungeon, and saw 10 of its levels.

You collected 272 gold pieces.

Inventory:

Missiles
 n - 4 throwing nets
Armour
 h - a scarf of shadows (melded)
 p - a +2 robe of cold resistance (melded)
 w - the +1 Delatra's gloves (melded) {ID++}
   (You found it on level 6 of the Dungeon)

   ID++:      It heals its wearer when they drink unknown potions, and restores
   their MP when they read unknown scrolls.
Jewellery
 e - a ring of fire (left branch)
 s - a +4 ring of slaying
Wands
 b - a wand of digging (5)
 j - a wand of polymorph (11)
Scrolls
 c - 4 scrolls of identify
 f - a scroll of fear
 i - a scroll of noise
 k - 2 scrolls of amnesia
 t - a scroll of enchant armour
Potions
 a - 3 potions of attraction
 g - a potion of lignification
 o - a potion of mutation


   Skills:
 + Level 1.2 Fighting
 + Level 2.5 Dodging
 * Level 9.7 Stealth
 + Level 0.2 Unarmed Combat
 * Level 9.4 Spellcasting
 + Level 3.8 Conjurations
 * Level 9.4 Air Magic
 + Level 0.3 Evocations


You had 22 spell levels left.
You knew the following spells:

 Your Spells              Type           Power      Damage    Failure   Level
a - Shock                 Conj/Air       96%        1d9       1%          1
b - Airstrike             Air            16%        2d(3-19)  1%          4

Your spell library contained the following spells:

 Spells                   Type           Power      Damage    Failure   Level
 Static Discharge         Conj/Air       48%        2-4/arc   1%          2
 Swiftness                Air            32%        N/A       1%          3
 Mephitic Cloud           Conj/Pois/Air  18%        N/A       3%          3
 Momentum Strike          Conj/Tloc      22%        3d8       4%          2
 Beastly Appendage        Tmut           12%        N/A       7%          1
 Dazzling Flash           Conj/Hex       22%        N/A       10%         3
 Stone Arrow              Conj/Erth      22%        3d8       10%         3
 Blink                    Tloc           12%        N/A       11%         2
 Ensorcelled Hibernation  Hex/Ice        12%        N/A       11%         2
 Lesser Beckoning         Tloc           12%        N/A       11%         2
 Scorch                   Fire           18%        2d6       11%         2
 Wereblood                Tmut           6%         N/A       11%         2
 Spider Form              Tmut/Pois      6%         N/A       22%         3
 Volatile Blastmotes      Fire/Tloc      18%        2d11      22%         3
 Silence                  Hex/Air        9%         N/A       28%         5
 Flame Wave               Conj/Fire      17%        2d7       32%         4
 Fulminant Prism          Conj/Hex       5%         3d7       32%         4
 Iskenderun's Mystic Bla  Conj/Tloc      11%        2d4       32%         4
 Anguish                  Hex/Necr       3%         N/A       58%         4
 Animate Armour           Summ/Erth      12%        N/A       58%         4
 Animate Dead             Necr           6%         N/A       58%         4
 Agony                    Necr           6%         N/A       91%         5
 Alistair's Intoxication  Tmut/Pois      4%         N/A       91%         5
 Borgnjor's Vile Clutch   Necr/Erth      3%         N/A       91%         5
 Lee's Rapid Deconstruct  Erth           3%         3d5*      91%         5
 Death Channel            Necr           3%         N/A       100%        6
 Eringya's Noxious Bog    Tmut/Pois      3%         N/A       100%        6
 Summon Cactus Giant      Summ           3%         N/A       100%        6
 Lehudib's Crystal Spear  Conj/Erth      5%         10d3      100%        8


Dungeon Overview and Level Annotations

Branches:
Dungeon (9/15)             Temple (1/1) D:7
   Lair: D:8-11         Orc: D:9-12

Altars:
Ashenzari
Dithmenos
Elyvilon
Fedhas
Gozag
Hepliaklqana
Kikubaaqudgha
Nemelex Xobeh
Okawaru
Qazlal
Sif Muna
Trog
Uskayaw
Vehumet
Xom
Yredelemnul
The Shining One

Shops:
D:5 (

Annotations:
D:8 lunkers's ghost, novice MeRe


Innate Abilities, Weirdness & Mutations

You are a tree.
Your roots penetrate the ground, keeping you stationary.
You cannot be teleported.
You are immune to unholy pain and torment.
Your maximum health is greatly increased.
Your equipment is partially melded.
((Your serpentine skin is tough. (AC +3)))
You have supernaturally acute eyesight. (SInv)
((Armour fits poorly on your strangely shaped body.))
((Your system is resistant to poisons. (rPois)))
((You cover ground very slowly.))
You can exhale a cloud of poison.
((You have a snake-like lower body.))
Your spells are a little easier to cast, but a little less powerful.


Message History

Lunkers's ghost hits you but does no damage.
You closely miss lunkers's ghost.
Lunkers's ghost is heavily damaged.
You feel sick.
Lunkers's ghost hits you but does no damage.
You hit lunkers's ghost.
Lunkers's ghost is heavily damaged.
You feel sick.
Lunkers's ghost hits you but does no damage.
You hit lunkers's ghost.
Lunkers's ghost is severely damaged.
You feel sick.
Lunkers's ghost hits you but does no damage.
You closely miss lunkers's ghost.
Lunkers's ghost is heavily damaged.
You feel sick.
Lunkers's ghost keens inconsolably.
Lunkers's ghost hits you!
* * * LOW HITPOINT WARNING * * *
You are lethally poisoned!
You closely miss lunkers's ghost.
Lunkers's ghost is heavily damaged.
* * * LOW HITPOINT WARNING * * *
You feel very sick.
Lunkers's ghost hits you but does no damage.
You closely miss lunkers's ghost.
Lunkers's ghost is heavily damaged.
* * * LOW HITPOINT WARNING * * *
You feel very sick.
Lunkers's ghost hits you but does no damage.
You barely miss lunkers's ghost.
Lunkers's ghost is heavily damaged.
* * * LOW HITPOINT WARNING * * *
You feel very sick. Lunkers's ghost hits you!
* * * LOW HITPOINT WARNING * * *
You are more poisoned.
You closely miss lunkers's ghost.
Lunkers's ghost is heavily damaged.
You die...

##### #...######
###########........#
.....#....+....###.#
######
.###.#.####...####.####
#....#### .#
#.....).....W♣#....#
#.##.#...
.######.########....#.#
#.##.#... .#......#
#.##.#.###.##.'...
.#....#####
#.##.#.....####...
.#........#
#....####### #...
.#.....##[######....#
####
.#.[..[#.......'....#
#######
.#.....#.#######....#
####.....#
.#.[)..#.......#....#
#........##


You could see lunkers's ghost.

Vanquished Creatures
  Pikel (D:5)
  A troll (D:9)
  Grinder (D:6)
  Sigmund (D:2)
  A wraith (D:6)
  Menkaure (D:5)
  A naga (shapeshifter) (D:8)
  2 black bears
  3 sky beasts (D:7)
  2 orc warriors
  An ice beast (D:6)
  An ogre (D:6)
  2 centaurs (D:7)
  2 lemures (D:5)
  4 phantoms
  A kobold brigand (D:8)
  2 gnoll sergeants
  Blork the orc (D:4)
  2 bullfrogs
  A scorpion (D:6)
  14 wights
  3 killer bees (D:8)
  7 hounds
  6 orc priests
  A jelly (D:6)
  14 orc wizards
  2 sleepcaps
  2 iguanas (D:5)
  Ijyb (D:5)
  7 gnolls
  8 adders
  5 shadow imps
  2 white imps
  A dart slug (D:2)
  30 orcs
  8 endoplasms
  8 giant cockroaches
  5 goblins
  9 hobgoblins
  3 jackals (D:4)
  3 quokkas
  4 ball pythons
  A bat (D:1)
  4 frilled lizards
  4 goblin zombies (D:8)
  4 hobgoblin zombies (D:8)
  8 kobolds
  2 kobold skeletons (D:8)
  A kobold zombie (D:8)
  An orc zombie (D:8)
  8 rats
207 creatures vanquished.

Notes
Turn   | Place    | Note
-------+----------+-------------------------------------------
     0 | D:1      | Moral the Naga Air Elementalist began the quest for the
                  | Orb.
     0 | D:1      | Reached XP level 1. HP: 15/15 MP: 3/3
   283 | D:1      | Reached XP level 2. HP: 22/22 MP: 3/5
  1205 | D:2      | Reached XP level 3. HP: 28/28 MP: 0/6
  1655 | D:2      | Noticed Sigmund
  1671 | D:2      | Killed Sigmund
  1672 | D:2      | Reached XP level 4. HP: 20/36 MP: 4/9
  1672 | D:2      | Reached XP level 5. HP: 24/42 MP: 4/10
  1914 | D:2      | Identified the +0 robe "Bohizo Wikk" {rPois}
  2345 | D:3      | Reached XP level 6. HP: 49/49 MP: 3/11
  2495 | D:3      | Identified the +3 ring mail "Lyfiq" {Dex+3}
  2599 | D:3      | Found a faded altar of an unknown god.
  2728 | D:3      | Found a shimmering blue altar of Sif Muna.
  3067 | D:3      | Got the Annotations on Debased Secrets and the Scorpion
  3126 | D:3      | Found a white marble altar of Elyvilon.
  3701 | D:4      | Noticed Blork the orc
  3715 | D:4      | Killed Blork the orc
  3716 | D:4      | Reached skill level 5 in Air Magic
  4014 | D:4      | Noticed a black bear
  4024 | D:4      | Killed a black bear
  4025 | D:4      | Reached XP level 7. HP: 37/55 MP: 4/13
  4240 | D:4      | Found a stormy altar of Qazlal.
  4805 | D:5      | Entered Level 5 of the Dungeon
  4834 | D:5      | HP: 2/55 [gnoll/+0 flail (8)]
  5132 | D:5      | Reached skill level 5 in Stealth
  5132 | D:5      | Reached skill level 5 in Spellcasting
  5246 | D:5      | Noticed Ijyb
  5266 | D:5      | Killed Ijyb
  5565 | D:5      | Reached XP level 8. HP: 47/63 MP: 8/16
  5573 | D:5      | Learned a level 4 spell: Airstrike
  5706 | D:5      | Noticed Menkaure
  5708 | D:5      | Killed Menkaure
  5873 | D:5      | Found Fownoyc's Antique Weapon Boutique.
  6158 | D:5      | Noticed Pikel
  6173 | D:5      | Killed Pikel
  6174 | D:5      | Reached skill level 1 in Fighting
  6535 | D:6      | Reached XP level 9. HP: 70/70 MP: 3/19
  7790 | D:6      | Noticed Grinder
  7795 | D:6      | Killed Grinder
  8748 | D:6      | Found a sparkling altar of Nemelex Xobeh.
  8780 | D:6      | Found an iron altar of Okawaru.
  9171 | D:6      | Found the +1 Delatra's gloves {ID++}
 10053 | D:7      | Reached XP level 10. HP: 77/78 MP: 13/22
 10273 | D:7      | Found a staircase to the Ecumenical Temple.
 10288 | Temple   | Entered the Ecumenical Temple
 11425 | D:8      | Found a hazy altar of Hepliaklqana.
 12345 | D:8      | Found a glowing golden altar of the Shining One.
 12634 | D:8      | Found a runed translucent gate.
 12634 | D:8      | Found a runed translucent gate.
 12635 | D:8      | Found an opulent altar of Gozag.
 12635 | D:8      | Found a runed translucent gate.
 12637 | D:8      | Noticed lunkers's ghost (novice MeRe)
 12638 | D:8      | Noticed a fire crab
 12690 | D:8      | a fire crab changed into a shapeshifter
 14300 | D:8      | Gained mutation: Your spells are a little easier to cast,
                  | but a little less powerful. [potion of mutation]
 14300 | D:8      | Gained mutation: You can exhale a cloud of poison. [potion
                  | of mutation]
 14353 | D:8      | HP: 1/78 [lunkers's ghost (3)]
 14363 | D:8      | HP: 1/117 [lunkers's ghost (7)]
 14364 | D:8      | Succumbed to lunkers's ghost's poison

Illustrated notes

Levels and vault maps discovered:
D:1:      amcnicky_arrival_abandoned_market, layout_basic, minivault_25
D:2:      layout_loops_ring, uniq_sigmund
D:3:      layout_loops_cross, kennysheep_orc_sif_temple,
          nicolae_elyvilon_temple_path, basic_ecumenical_altar, chequers_garden
D:4:      layout_loops_ring, mainiacjoe_overflow_chevrons,
          minmay_misc_feat_rugged, hangedman_abyss_or_decor_stagger,
          uniq_blork_the_orc
D:5:      layout_gridville, serial_shops, shop, uniq_menkaure, uniq_pikel,
          uniq_ijyb
D:6:      layout_cave_pools, okawaru_gym_becter,
          nemelex_xobeh_ov_fountains_minmay, pf_guarded_unrand_delatra,
          uniq_grinder
D:7:      layout_basic, minmay_temple_entry_statues_fountains
D:8:      layout_basic, nicolae_tso_besieged_by_evil, lemuel_doored_altar,
          ebering_ghost_gozag, minmay_hedge_maze
D:9:      layout_cave_pools, mainiacjoe_overflow_cross_hatched,
          mainiacjoe_overflow_tiny_flanked, kennysheep_generic_room_8
Temple:   zaba_magenta_temple

Skill      XL: |  1  2  3  4  5  6  7  8  9 10 |
---------------+-------------------------------+-----
Stealth        | 4 5 6 8 9 |  9.7
Spellcasting   | 3 4 5 6 8 9 |  9.4
Conjurations   | 2 3 |  3.8
Air Magic      | 4 5 7 8 9 |  9.4
Fighting       | 1 |  1.2
Dodging        | 2 |  2.5
Unarmed Combat | |  0.2
Evocations     | |  0.3

Action                     |  1- 3 |  4- 6 |  7- 9 | 10-12 || total
---------------------------+-------+-------+-------+-------++-------
  Melee: Unarmed           |    11 |    10 |     2 |    66 ||    89
         Punch             |       |       |       |     2 ||     2
   Cast: Shock             |    75 |    89 |   160 |    86 ||   410
         Airstrike         |       |       |    66 |    77 ||   143
Ability: Spit Poison       |    10 |     5 |    16 |     2 ||    33
  Evoke: Wand              |       |       |     8 |       ||     8
    Use: Scroll            |     3 |       |    10 |     6 ||    19
         Potion            |     1 |       |     1 |    10 ||    12
 Armour: Robe              |     3 |    22 |    43 |    25 ||    93
         Skin              |       |       |       |    25 ||    25
  Dodge: Dodged            |    13 |    18 |    75 |    43 ||   149

Table legend: (Time is in decaauts)
 A = Elapsed time spent in this place.
 B = Non-inter-level travel time spent in this place.
 C = Inter-level travel time spent in this place.
 D = Time resting spent in this place.
 E = Time spent auto-exploring this place.
 F = Levels seen in this place.
 G = Mean time per level.
                   A        B        C        D        E       F      G
               +--------+--------+--------+--------+--------+-----+--------+
         Total |  16571 |  15799 |    772 |   5190 |   8639 |  10 | 1657.1 |
       Dungeon |  16443 |  15671 |    772 |   5190 |   8639 |   9 | 1827.0 |
        Temple |    127 |    127 |      0 |      0 |      0 |   1 |  127.0 |
               +--------+--------+--------+--------+--------+-----+--------+

Top non-repeatable levels by time:
     D:8: 3599 daAuts
     D:6: 2838 daAuts
     D:5: 2418 daAuts
     D:3: 1669 daAuts
     D:7: 1581 daAuts
     D:4: 1530 daAuts
     D:1: 1467 daAuts
     D:2: 1241 daAuts
  Temple: 127 daAuts
     D:9: 96 daAuts
